 Dungeon Crawl Stone Soup version 0.21.1-1-g345015f (webtiles) character file.

517 pk666 the Magician (level 7, -3/36 HPs)
             Began as a Deep Elf Wizard on Feb 13, 2018.
             Killed from afar by letownia2's ghost (8 damage)
             ... with a magic dart
             ... on level 4 of the Dungeon.
             The game lasted 00:10:56 (3797 turns).

pk666 the Magician (Deep Elf Wizard)                Turns: 3797, Time: 00:10:57

Health: -3/36      AC:  3    Str:  4    XL:     7   Next: 0%
Magic:  10/18      EV: 14    Int: 25    God:
Gold:   237        SH:  0    Dex: 13    Spells: 10/19 levels left

rFire    . . .     SeeInvis .   k - +1 dagger (flame)
rCold    . . .     Gourm    .   (no shield)
rNeg     . . .     Faith    .   a - +0 robe
rPois    .         Spirit   .   b - +0 hat
rElec    .         Reflect  .   (no cloak)
rCorr    .         Harm     .   (no gloves)
MR       .....                  (no boots)
Stlth    ++........             l - amulet of magic regeneration
HPRegen  0.12/turn              g - +1 ring of protection
MPRegen  0.41/turn              v - ring of wizardry

@: no status effects
A: no striking features
a: no special abilities


You were on level 4 of the Dungeon.
You were hungry.

You visited 1 branch of the dungeon, and saw 4 of its levels.

You collected 237 gold pieces.

Inventory:

Hand Weapons
 k - a +1 dagger of flaming (weapon)
Missiles
 t - 3 tomahawks of returning (quivered)
Armour
 a - a +0 robe (worn)
 b - a +0 hat (worn)
Jewellery
 g - a +1 ring of protection (left hand)
 l - an amulet of magic regeneration (around neck)
 v - a ring of wizardry (right hand)
Wands
 r - a wand of paralysis (11)
Scrolls
 e - a scroll of amnesia {unknown}
 f - 5 scrolls of identify {unknown}
 h - a scroll of random uselessness {unknown}
 j - 3 scrolls of teleportation {unknown}
 m - a scroll of fog {unknown}
 o - a scroll of fear {unknown}
 s - a scroll of remove curse {unknown}
Potions
 i - a potion of mutation {unknown}
 n - 4 potions of curing {unknown}
 p - 2 potions of heal wounds {unknown}
 q - a potion of haste {unknown}
 u - 2 potions of degeneration {unknown}
Books
 c - a book of Minor Magic

   Spells                             Type                      Level
   a - Magic Dart                     Conjuration                  1
   b - Blink                          Translocation                2
   c - Call Imp                       Summoning                    2
   d - Slow                           Hexes                        2
   e - Conjure Flame                  Conjuration/Fire             3
   f - Mephitic Cloud                 Conjuration/Poison/Air       3
Comestibles
 d - 7 rations


   Skills:
 + Level 3.8 Dodging
 - Level 2.4 Stealth
 * Level 6.6 Spellcasting
 * Level 4.0 Conjurations
   Level 1.1 Summonings
 - Level 1.1 Translocations
 * Level 2.5 Fire Magic
 - Level 2.0 Air Magic
 * Level 2.5 Poison Magic


You had 10 spell levels left.
You knew the following spells:

 Your Spells              Type           Power        Failure   Level  Hunger
a - Magic Dart            Conj           ####         1%          1    None
b - Blink                 Tloc           N/A          2%          2    None
d - Conjure Flame         Conj/Fire      ####....     2%          3    None
z - Mephitic Cloud        Conj/Pois/Air  ###.....     2%          3    None


Dungeon Overview and Level Annotations

Branches:
Dungeon (4/15)
 Temple: D:4-7

Altars:
Makhleb
Ru
Sif Muna
Trog

Annotations:
D:4 letownia2's ghost, amateur GrWz


Message History

Casting: Magic Dart
Confirm with . or Enter, or press ? or * to list all spells.
Aiming: Magic Dart
Press: ? - help, Shift-Dir - straight line, f/p - letownia2's ghost
Aim: letownia2's ghost (severely damaged)
The magic dart hits letownia2's ghost.
Letownia2's ghost is severely damaged.
Letownia2's ghost gestures at you while chanting.
The magic dart hits you!
* * * LOW HITPOINT WARNING * * *
Casting: Magic Dart
Confirm with . or Enter, or press ? or * to list all spells.
Aiming: Magic Dart
Press: ? - help, Shift-Dir - straight line, f/p - letownia2's ghost
Aim: letownia2's ghost (severely damaged)
The magic dart hits letownia2's ghost.
Letownia2's ghost is almost destroyed.
Letownia2's ghost casts a spell at you. The magic dart hits you!
You die...

#.# #.# #.# #.###
#...########
#...........
#.[....#####
################.###.#
#........@ยง.W....# #.#
#.################ #.#
#.# ##.############.###
#.# #.................#
#.####...###########.#.#
#...............# #.#.#
######...######.# #.#.#
##.## #.# #.#.# #.# #.#
#.#.#


You could see letownia2's ghost.

Vanquished Creatures
  An ogre (D:4)
  A scorpion (D:4)
  A crimson imp (D:2)
  A bullfrog skeleton (D:4)
  2 orc priests (D:4)
  An iguana (D:4)
  Terence (D:2)
  A worker ant (D:4)
  An orc wizard (D:3)
  4 gnolls (D:4)
  5 adders
  An ooze (D:1)
  A worm (D:4)
  A dart slug (D:1)
  6 orcs
  2 ball pythons (D:2)
  2 giant cockroaches (D:1)
  5 goblins
  4 hobgoblins
  8 jackals
  2 quokkas (D:3)
  5 bats
  5 frilled lizards
  10 kobolds
  11 rats
82 creatures vanquished.

Notes
Turn   | Place    | Note
-------+----------+-------------------------------------------
     0 | D:1      | pk666 the Deep Elf Wizard began the quest for the Orb.
     0 | D:1      | Reached XP level 1. HP: 10/10 MP: 7/7
   319 | D:1      | Reached XP level 2. HP: 15/15 MP: 3/9
   639 | D:2      | Found a bloodstained altar of Trog.
   645 | D:2      | Reached skill level 5 in Spellcasting
   998 | D:1      | Reached XP level 3. HP: 19/19 MP: 9/11
  1018 | D:1      | Learned a level 2 spell: Blink
  1022 | D:1      | Learned a level 3 spell: Mephitic Cloud
  1026 | D:1      | Learned a level 3 spell: Conjure Flame
  1344 | D:2      | Found a faded altar of an unknown god.
  1417 | D:2      | Found a burning altar of Makhleb.
  1427 | D:2      | Reached XP level 4. HP: 22/24 MP: 5/13
  1716 | D:2      | Found a sacrificial altar of Ru.
  1788 | D:2      | Noticed Terence
  1845 | D:2      | Killed Terence
  1926 | D:2      | Reached skill level 1 in Fire Magic
  1992 | D:2      | Found a deep blue altar of Sif Muna.
  2248 | D:3      | Reached skill level 1 in Air Magic
  2248 | D:3      | Reached XP level 5. HP: 28/28 MP: 11/15
  2311 | D:3      | Reached skill level 1 in Poison Magic
  2454 | D:3      | Reached skill level 6 in Spellcasting
  2974 | D:4      | Reached XP level 6. HP: 32/32 MP: 5/17
  3698 | D:4      | Reached XP level 7. HP: 36/36 MP: 9/18
  3788 | D:4      | Noticed letownia2's ghost (amateur GrWz)
  3797 | D:4      | Killed from afar by letownia2's ghost

Skill      XL: |  1  2  3  4  5  6 |
---------------+-------------------+-----
Conjurations   | 2 3 4 |  4.0
Spellcasting   | 5 6 |  6.6
Dodging        | 3 |  3.8
Fire Magic     | 1 2 |  2.5
Air Magic      | 1 2 |  2.0
Poison Magic   | 1 2 |  2.5
Stealth        | |  2.4
Summonings     | |  1.1
Translocations | |  1.1

Action                   |  1- 3 |  4- 6 |  7- 9 || total
-------------------------+-------+-------+-------++-------
Melee: Dagger            |     4 |     1 |       ||     5
 Cast: Magic Dart        |    76 |   147 |    11 ||   234
       Conjure Flame     |       |     8 |     1 ||     9
       Blink             |       |     3 |       ||     3
       Mephitic Cloud    |       |     5 |       ||     5
  Eat: Chunk             |     1 |     6 |     1 ||     8
Armor: Robe              |     1 |     2 |       ||     3
Dodge: Dodged            |    17 |     6 |       ||    23
